Map: [ESL] Oceanborn

Players

Reynor - Winner!

  • Race: Zerg Zerg
  • League: Master
  • Spawn Location: 5:00

DieMauer (ShoWTimE)

  • Race: Protoss Protoss
  • League: Grandmaster
  • Spawn Location: 11:00

Event: Bellum Gens Elite Stara Zagora 2024

VOD

Have the link to the VOD?

Description

Time

  • Played on: Sept. 7, 2024, 11:09 a.m.
  • Length: 9:51

All games in this series

Show
View Real Time Build Order
Export as new Build Order

Reynor Zerg - Winner!

Build Orders: Hatch First 

Get SALT Encoding   

  12  0:00  Drone  
  13  0:11  Overlord  
  13  0:16  Drone  
  14  0:30  Drone x2  
  16  0:43  Drone  
  17  0:50  Hatchery  
  17  0:54  Drone  
  17  0:58  Drone  
  18  1:07  Extractor  
  17  1:12  Spawning Pool  
  17  1:15  Drone  
  17  1:18  Drone  
  18  1:27  Drone  
  19  1:38  Drone  
  20  1:48  Overlord  
  20  1:59  Queen  
  22  2:02  Queen  
  22  2:03  Drone x2  
  26  2:11  Zergling x2  
  26  2:13  Metabolic Boost  
  26  2:14  Zergling x2  
  28  2:21  Drone  
  29  2:24  Drone  
  30  2:33  Drone  
  30  2:35  Zergling x2  
  32  2:41  Queen  
  34  2:48  Hatchery  
  34  2:50  Overlord  
  33  2:53  Drone  
  33  2:54  Zergling x2  
  33  2:58  Zergling x2  
  36  3:08  Queen  
  36  3:09  Zergling x2  
  36  3:10  Overlord  
  36  3:12  Drone  
  40  3:14  Drone  
  40  3:15  Drone  
  40  3:19  Drone  
  43  3:20  Drone  
  44  3:28  Drone  
  44  3:30  Drone  
  46  3:35  Queen  
  46  3:39  Overlord  
  46  3:40  Drone  
  49  3:45  Queen  
  51  3:54  Drone x2, Overlord  
  51  3:58  Drone  
  51  4:08  Drone x2  
  53  4:11  Queen x2  
  53  4:13  Drone x3  
  53  4:15  Drone x2  
  60  4:19  Drone  
  60  4:21  Spore Crawler  
  60  4:23  Spore Crawler  
  58  4:24  Drone, Evolution Chamber  
  58  4:26  Drone  
  59  4:32  Spore Crawler, Drone  
  59  4:33  Zergling x2  
  59  4:36  Zergling x2  
  59  4:38  Zergling x2  
  62  4:43  Overlord  
  62  4:46  Zergling x2  
  62  4:47  Drone x3  
  62  4:49  Overlord  
  62  4:51  Zerg Melee Weapons Level 1  
  66  5:01  Drone  
  66  5:02  Drone x2  
  66  5:03  Drone, Hatchery  
  66  5:05  Drone x2  
  71  5:12  Zergling x4  
  73  5:17  Overlord  
  73  5:18  Drone x4  
  73  5:19  Drone x2  
  74  5:22  Drone  
  74  5:23  Drone  
  74  5:27  Overlord  
  74  5:29  Zergling x4  
  73  5:39  Lair  
  73  5:40  Drone x3  
  74  5:44  Drone x3  
  74  5:45  Drone  
  74  5:46  Drone  
  79  5:54  Drone x2  
  81  5:58  Drone x2  
  81  5:59  Drone  
  81  6:00  Extractor  
  81  6:02  Extractor  
  81  6:05  Zergling x6  
  81  6:06  Hatchery  
  81  6:07  Overlord  
  81  6:08  Queen  
  81  6:10  Drone  
  86  6:14  Drone  
  86  6:15  Drone, Roach Warren  
  86  6:17  Drone x2  
  86  6:18  Drone  
  90  6:25  Drone x2  
  90  6:29  Zergling x6  
  90  6:30  Zergling x10  
  90  6:31  Queen  
  102  6:34  Overlord  
  102  6:39  Overlord  
  102  6:41  Spore Crawler x3  
  102  6:46  Spore Crawler  
  102  6:47  Drone x4  
  103  6:54  Pneumatized Carapace  
  103  6:57  Roach x7  
  103  6:58  Zergling x4  
  103  7:00  Overlord  
  119  7:03  Roach  
  119  7:07  Queen, Zergling x4  
  125  7:11  Zergling x6  
  127  7:16  Overlord  
  127  7:18  Overlord  
  127  7:19  Zergling x10  
  132  7:26  Ravager x3  
  132  7:28  Zergling x14  
  142  7:30  Overlord  
  142  7:37  Zergling x2, Ravager  
  142  7:38  Zergling x6  
  142  7:41  Zergling x16  
  142  7:42  Zergling x2  
  155  7:45  Zergling x4  
  155  7:46  Zergling x2  
  155  7:48  Overlord  
  155  7:51  Zergling x10  
  160  7:58  Zergling x8  
  163  8:01  Overlord  
  163  8:05  Overlord  
  163  8:06  Zergling x2  
  163  8:08  Ravager  
  163  8:10  Zergling x8  
  168  8:13  Zergling x10  
  168  8:14  Zergling x2  
  168  8:17  Zergling x10  
  162  8:24  Roach  
  162  8:26  Ravager x3  
  156  8:28  Zergling x4  
  156  8:29  Zergling x4  
  157  8:35  Roach x2  
  157  8:37  Queen  
  153  8:42  Zergling x10, Roach x3  
  153  8:44  Zergling x2  
  153  8:47  Roach  
  158  8:48  Zergling x4  
  158  8:50  Queen  
  158  8:52  Zergling x4  
  158  8:53  Zergling x4  
  158  8:55  Queen  
  154  8:57  Zergling x4  
  154  8:59  Zergling x2  
  149  9:03  Zergling x4  
  149  9:06  Zergling x4  
  149  9:07  Zergling x8  
  149  9:09  Zergling x2  
  156  9:11  Roach  
  156  9:13  Zergling x2  
  155  9:19  Zergling x2, Roach x2  
  151  9:25  Roach x2  
  151  9:30  Zergling x6  
  154  9:33  Zergling x6  
Show
View Real Time Build Order
Export as new Build Order

DieMauer Protoss 

Build Orders: 1 Gate Expand, Oracle Opening 

Get SALT Encoding   

  12  0:00  Probe  
  13  0:12  Probe  
  14  0:18  Pylon  
  14  0:24  Probe (Chrono Boost)  
  15  0:37  Probe (Chrono Boost)  
  15  0:40  Gateway  
  16  0:45  Probe (Chrono Boost)  
  16  0:49  Assimilator  
  17  0:51  Probe  
  18  1:03  Probe  
  19  1:15  Probe  
  20  1:25  Nexus  
  20  1:35  Cybernetics Core  
  20  1:37  Probe  
  21  1:43  Assimilator  
  21  1:50  Probe  
  21  1:52  Pylon  
  22  2:02  Probe  
  23  2:09  Adept (Chrono Boost)  
  23  2:14  Probe  
  26  2:21  Stargate  
  26  2:26  Probe (Chrono Boost)  
  26  2:29  Adept (Chrono Boost)  
  27  2:35  Warp Gate  
  29  2:37  Probe (Chrono Boost)  
  31  2:44  Probe (Chrono Boost)  
  31  2:46  Probe (Chrono Boost)  
  31  2:51  Adept, Probe x2 (Chrono Boost)  
  36  2:59  Pylon  
  36  3:02  Probe  
  36  3:03  Probe  
  36  3:04  Oracle (Chrono Boost)  
  41  3:14  Probe  
  41  3:15  Probe  
  43  3:21  Adept  
  43  3:26  Probe  
  46  3:28  Probe  
  47  3:37  Nexus  
  47  3:39  Oracle (Chrono Boost)  
  47  3:43  Probe  
  47  3:45  Probe  
  52  3:55  Probe, Pylon  
  52  3:57  Probe  
  50  4:07  Probe  
  50  4:09  Probe  
  52  4:13  Oracle  
  55  4:20  Probe  
  55  4:21  Probe  
  55  4:23  Assimilator  
  57  4:24  Assimilator, Pylon  
  57  4:28  Stalker  
  59  4:32  Probe  
  59  4:33  Probe  
  59  4:36  Pylon  
  62  4:46  Gateway, Twilight Council, Probe x2 (Chrono Boost)  
  62  4:47  Forge  
  62  4:50  Probe (Chrono Boost)  
  64  4:56  Adept  
  64  4:58  Probe (Chrono Boost)  
  69  5:00  Probe (Chrono Boost)  
  69  5:01  Probe (Chrono Boost)  
  69  5:03  Shield Battery, Probe (Chrono Boost)  
  69  5:05  Probe (Chrono Boost)  
  71  5:08  Probe  
  71  5:12  Probe  
  71  5:13  Pylon  
  73  5:16  Probe  
  73  5:20  Blink (Chrono Boost), Probe  
  72  5:24  Probe  
  72  5:27  Probe  
  72  5:28  Protoss Ground Weapons Level 1 (Chrono Boost)  
  73  5:29  Stalker  
  73  5:32  Probe  
  75  5:35  Probe  
  75  5:36  Probe  
  75  5:39  Assimilator  
  73  5:43  Assimilator, Gateway, Probe  
  73  5:44  Gateway, Probe  
  73  5:46  Stalker  
  73  5:48  Probe  
  78  5:52  Photon Cannon  
  78  5:53  Stalker  
  78  5:55  Probe  
  78  5:56  Probe  
  82  6:00  Pylon  
  83  6:07  Robotics Facility, Templar Archives  
  83  6:10  Stalker  
  86  6:15  Gateway  
  86  6:17  Stalker  
  86  6:18  Gateway  
  86  6:20  Pylon  
  86  6:26  Pylon  
  86  6:39  Pylon  
  86  6:42  Psionic Storm  
  86  6:43  Stalker x4  
  86  6:45  Nexus  
  94  6:51  Pylon  
  94  6:58  Photon Cannon  
  94  7:01  Shield Battery  
  94  7:02  Probe  
  94  7:03  Probe x2  
  97  7:10  Stalker x5  
  97  7:12  Stalker  
  97  7:14  Observer  
  110  7:17  Photon Cannon  
  110  7:20  Pylon  
  110  7:23  Photon Cannon  
  110  7:27  Charge  
  110  7:29  Probe  
  112  7:30  Probe x2  
  112  7:31  Protoss Ground Weapons Level 2 (Chrono Boost)  
  113  7:38  High Templar x3  
  113  7:41  Probe  
  113  7:42  Probe  
  113  7:43  Gateway  
  121  7:48  Gateway  
  122  7:57  Probe  
  125  7:58  Assimilator, Probe  
  125  8:00  Assimilator  
  125  8:04  High Templar x3  
  131  8:05  Photon Cannon  
  131  8:07  Shield Battery x2  
  131  8:11  Zealot x3  
  137  8:15  Archon x3  
  127  8:21  Probe  
  127  8:22  Probe x2  
  127  8:25  Immortal (Chrono Boost)  
  118  8:33  Zealot x2  
  118  8:34  Zealot  
  120  8:37  Zealot x3  
  119  8:43  Stalker  
  79  8:55  Stalker x2  
  79  8:56  Stalker  
  79  8:57  Stalker, Immortal  
  80  9:05  Zealot x2  
  82  9:14  Shield Battery  
  82  9:16  Zealot  
  76  9:18  Zealot  
  76  9:21  Zealot  
  74  9:25  Zealot  
  74  9:30  Stalker x2  
  68  9:40  Zealot x2  
Tags
 
Add a new tag
Caveats
  • Supply blocks, unpowered buildings, or Contaminate may cause inaccurate times.
  • Supply counts are checked every 10 seconds.